AoeStats
← caballolibre430

Arabia

508924151Analyzed
1v1 RM · 8d ago on Sep 24, 2026· 55m 1s· 2 players
Game mode
Random Map
Map size
Tiny (2 player)
Population
200
Speed
Normal
Resources
Standard
Victory
Conquest
Starting age
Dark Age
Ending age
Imperial Age
RankedLock teamsTeams togetherTeam positionsShared explorationLock speedFull tech treeHidden civsTurbo modeCheats
Victory
Defeat
🇱🇹 Lithuanians · Lithuania
562
+15
🇦🇷 Chinese · Argentina
549
-15
caballolibre430
7:53 Loom
10:16 Feudal Age
13:01 Wheelbarrow
16:36 Double-Bit Axe
17:00 Horse Collar
17:58 Gold Mining
18:02 Stone Mining
22:30 Castle Age
20:51 Fletching
21:02 Padded Archer Armor
23:41 Crossbowman
24:25 Bodkin Arrow
24:46 Leather Archer Armor
29:45 Bow Saw
29:39 Heavy Plow
30:41 Hand Cart
35:27 Imperial Age
34:19 Elite Skirmisher
35:20 Forging
35:16 Scale Barding Armor
38:01 Chemistry
37:22 Ballistics
37:19 Bracer
38:05 Ring Archer Armor
40:56 Arbalester
42:03 Thumb Ring
43:54 Husbandry
44:05 Bloodlines
43:37 Cavalier
45:58 Iron Casting
46:51 Chain Barding Armor
47:16 Gold Shaft Mining
47:17 Stone Shaft Mining
50:40 Murder Holes
52:26 Blast Furnace
52:03 Plate Barding Armor
Auryxzera
5:39 Loom
11:13 Feudal Age
12:35 Wheelbarrow
11:42 Horse Collar
12:23 Double-Bit Axe
21:52 Gold Mining
22:27 Stone Mining
28:22 Castle Age
27:20 Bloodlines
29:18 Hand Cart
29:05 Heavy Plow
29:23 Bow Saw
30:12 Stone Shaft Mining
30:19 Light Cavalry
30:23 Pikeman
31:03 Squires
30:26 Elite Skirmisher
37:10 Forging
37:01 Scale Mail Armor
37:06 Scale Barding Armor
36:59 Fletching
37:09 Padded Archer Armor
38:15 Masonry
37:46 Treadmill Crane
38:01 Murder Holes
38:33 Ballistics
41:01 Bodkin Arrow
41:21 Leather Archer Armor
41:41 Iron Casting
41:21 Chain Mail Armor
41:26 Chain Barding Armor
44:32 Imperial Age
46:18 Two-Man Saw
45:50 Crop Rotation
44:45 Elite Leitis
45:46 Conscription
45:01 Winged Hussar
45:04 Halberdier
46:24 Architecture
46:56 Chemistry
46:05 Bracer
46:35 Ring Archer Armor
47:18 Plate Barding Armor
52:10 Bombard Tower
Connection lost

Rejoining the realm…

Still unreachable

The connection could not be restored.

Session expired

The server has moved on; the page needs a fresh start.